 Dungeon Crawl Stone Soup version 0.13.1-27-ga479965 (webtiles) character file.

228 MrRokkomies the Cudgeler (level 4, -1/26 HPs)
             Began as a Gargoyle Skald on Feb 8, 2014.
             Slain by a slave (6 damage)
             ... led by Pikel
             ... on Level 5 of the Dungeon.
             The game lasted 00:07:08 (2082 turns).

MrRokkomies the Cudgeler (Gargoyle Skald)           Turns: 2082, Time: 00:07:08

HP  -1/26        AC  6     Str 15      XL: 4   Next: 74%
MP   3/8         EV 10     Int 14      God:
Gold 128         SH  0     Dex  9      Spells:  3 memorised,  2 levels left

Res.Fire  : . . .   See Invis. : .   g - +1,+0 whip
Res.Cold  : . . .   Warding    : .   p - +0 elf leather armour
Life Prot.: + . .   Conserve   : .   (no shield)
Res.Poison: +       Res.Corr.  : .   (no helmet)
Res.Elec. : +       Clarity    : +   (no cloak)
Sust.Abil.: . .     Spirit.Shd : .   (no gloves)
Res.Mut.  : .       Stasis     : .   (no boots)
Res.Rott. : +       Flight     : .   a - amulet of clarity
Saprovore : . . .                    (no ring)
                                     (no ring)

@: slightly resistant to hostile enchantments, very unstealthy
A: fangs 1, talons 2, life protection 1, electricity resistance, slow metabolism
1, unbreathing, petrification resistance, AC +3
a: no special abilities


You were on level 5 of the Dungeon.
You were not hungry.

You visited 1 branch of the dungeon, and saw 5 of its levels.

You collected 108 gold pieces.

Inventory:

Hand weapons
 g - a +1,+0 whip (weapon)
 k - a +0,+0 sling
Missiles
 l - 18 stones (quivered)
Armour
 p - a +0 elven leather armour (worn)
Comestibles
 d - a bread ration
 i - a royal jelly
 m - a choko
Scrolls
 b - 2 scrolls of enchant armour
 e - 2 scrolls of fog {unknown}
 f - a scroll of noise {unknown}
 h - a scroll of remove curse {unknown}
 n - a scroll of enchant weapon I
Jewellery
 a - an amulet of clarity (around neck)
Potions
 j - 2 potions of curing
 o - a potion of agility
Books
 c - a book of Battle

   Spells                             Type                      Level
   *Infusion                          Charms                       1
   *Shroud of Golubria                Charms/Translocation         2
   *Song of Slaying                   Charms                       2
   Spectral Weapon                    Hexes/Charms                 3
   Regeneration                       Charms/Necromancy            3
   Song of Shielding                  Charms                       4


   Skills:
 - Level 2.1 Fighting
 * Level 4.1 Maces & Flails
 - Level 1.1 Armour
 - Level 0.7 Dodging
 - Level 2.0 Spellcasting
 + Level 3.7 Charms


You had 2 spell levels left.
You knew the following spells:

 Your Spells              Type           Power        Failure   Level  Hunger
a - Infusion              Chrm           ##....       6%          1    ##.....
b - Song of Slaying       Chrm           ##........   10%         2    ###....
c - Shroud of Golubria    Chrm/Tloc      #.........   21%         2    ###....


Dungeon Overview and Level Annotations

Branches:
Dungeon (5/27)
 Temple: D:4-7

Altars:
Nemelex Xobeh
Trog

Annotations:
D:3 Grinder
D:4 Pikel


Innate Abilities, Weirdness & Mutations

You are resistant to torment.
You are immune to poison.
Your stone body is very resilient (AC +3).
You have very sharp teeth.
You have razor-sharp toenails.
You resist negative energy.
You are resistant to electric shocks.
You have a slow metabolism.
You can survive without breathing.
You are immune to petrification.


Message History

The slave is severely wounded.
The slave hits you.
* * * LOW HITPOINT WARNING * * *
Drink which item? (? for menu, Esc to quit)
You feel better. The slave hits you but does no damage.
You closely miss the slave. You claw the slave.
You bite the slave, but do no damage.
The slave is severely wounded.
The slave hits you but does no damage.
You hit the slave. You bite the slave, but do no damage.
The slave is severely wounded.
The slave hits you.
* * * LOW HITPOINT WARNING * * *
You closely miss the slave.
The slave is severely wounded.
The slave misses you.
You hit the slave.
The slave is almost dead.
The slave hits you.
You die...

. #..
#..##
....##
....
#...
#..#
#..#
#@@#
#...##
.......
.<##.##
. ...
... #


You could see a slave.

Vanquished Creatures
  4 adders (D:2)
  A worm (D:2)
  2 giant geckos (D:1)
  A ball python (D:2)
  2 giant cockroaches
  10 goblins
  7 hobgoblins
  6 jackals
  A quokka (D:2)
  4 bats
  5 giant newts
  7 kobolds
  9 rats
59 creatures vanquished.

Vanquished Creatures (others)
  A goblin (D:1)
1 creature vanquished.

Grand Total: 60 creatures vanquished

Notes
Turn   | Place    | Note
--------------------------------------------------------------
     0 | D:1      | MrRokkomies, the Gargoyle Skald, began the quest for the Orb.
     0 | D:1      | Reached XP level 1. HP: 12/12 MP: 3/3
    83 | D:1      | Reached XP level 2. HP: 9/16 MP: 0/5
   158 | D:1      | Reached skill level 3 in Charms
   164 | D:1      | Learned a level 2 spell: Song of Slaying
   167 | D:1      | Learned a level 2 spell: Shroud of Golubria
   387 | D:1      | Reached XP level 3. HP: 12/20 MP: 6/6
   840 | D:2      | Found a bloodstained altar of Trog.
  1028 | D:2      | Reached XP level 4. HP: 11/26 MP: 8/8
  1456 | D:2      | Reached skill level 4 in Maces & Flails
  1891 | D:3      | Found a sparkling altar of Nemelex Xobeh.
  1903 | D:3      | Noticed Grinder
  1929 | D:3      | Paralysed by Grinder for 2 turns
  1953 | D:3      | Paralysed by Grinder for 2 turns
  2047 | D:4      | Noticed Pikel
  2047 | D:4      | Noticed a slave
  2047 | D:4      | Noticed a slave
  2047 | D:4      | Noticed a slave
  2047 | D:4      | Noticed a slave
  2054 | D:5      | Entered Level 5 of the Dungeon
  2082 | D:5      | Slain by a slave

Action                   |  1- 3 |  4- 6 || total
-------------------------+-------+-------++-------
Melee: Mace              |    69 |       ||    69
       Whip              |    38 |    89 ||   127
 Cast: Infusion          |     1 |     1 ||     2
       Shroud of Golubri |       |     1 ||     1
  Use: Scroll            |     1 |     6 ||     7
       Potion            |       |     1 ||     1
